Map: Nightshade LE

Players

AgoElazer (Elazer) - Winner!

  • Race: Zerg Zerg
  • Spawn Location: 11:00

Bunny

  • Race: Terran Terran
  • Spawn Location: 5:00

Event: StayAtHomestory Cup #1

VOD

Have the link to the VOD?

Description

Time

  • Played on: April 10, 2020, 5:30 a.m.
  • Length: 19:56

All games in this series

Show
View Real Time Build Order
Export as new Build Order

AgoElazer Zerg - Winner!

Build Orders: Pool First 

Get SALT Encoding   

  12  0:00  Drone  
  13  0:12  Overlord  
  13  0:17  Drone  
  14  0:30  Drone x2  
  16  0:35  Drone  
  17  0:44  Spawning Pool  
  17  0:47  Drone  
  17  0:56  Drone  
  18  1:10  Hatchery  
  17  1:12  Extractor  
  17  1:15  Drone  
  17  1:18  Drone  
  18  1:30  Queen  
  18  1:31  Zergling x2  
  21  1:42  Roach Warren  
  20  1:47  Drone  
  20  1:51  Drone  
  22  2:01  Overlord  
  22  2:19  Queen  
  22  2:22  Roach x2  
  28  2:23  Roach  
  28  2:29  Queen  
  32  2:35  Overlord  
  32  2:39  Drone  
  33  2:44  Drone x2  
  35  2:51  Drone  
  35  2:54  Drone  
  35  2:56  Drone  
  38  3:05  Drone x2  
  39  3:09  Overlord  
  39  3:19  Drone x2  
  41  3:24  Drone  
  42  3:28  Drone  
  43  3:34  Drone x2  
  43  3:37  Drone  
  43  3:39  Drone  
  47  3:42  Ravager  
  47  3:43  Hatchery  
  47  3:44  Drone x2  
  47  3:46  Drone  
  47  3:48  Drone  
  51  3:50  Drone  
  52  3:58  Drone x2  
  52  4:04  Metabolic Boost  
  52  4:07  Drone  
  51  4:14  Overlord  
  51  4:16  Queen  
  51  4:17  Extractor  
  51  4:21  Overlord  
  52  4:34  Zergling x12  
  58  4:41  Lair, Evolution Chamber  
  58  4:43  Evolution Chamber  
  56  4:46  Overlord  
  56  4:48  Overlord  
  56  4:49  Drone x4  
  60  4:57  Queen  
  60  4:58  Drone x4  
  66  5:06  Drone x3  
  69  5:09  Zerg Melee Weapons Level 1, Spore Crawler, Zerg Ground Armor Level 1  
  69  5:13  Drone x2  
  70  5:15  Drone x2  
  70  5:17  Drone  
  70  5:18  Drone  
  74  5:28  Overlord  
  74  5:31  Overlord  
  74  5:32  Baneling Nest  
  74  5:35  Extractor  
  72  5:37  Drone x2  
  73  5:43  Overseer  
  73  5:44  Overlord  
  73  5:46  Drone x2  
  73  5:47  Drone  
  73  5:48  Drone x4  
  73  5:49  Drone  
  81  5:53  Extractor  
  80  6:01  Zergling x10  
  85  6:04  Hatchery  
  85  6:08  Zergling x10, Roach x2  
  93  6:17  Centrifical Hooks  
  93  6:20  Drone x3  
  94  6:26  Queen  
  94  6:27  Overlord  
  94  6:29  Overlord  
  94  6:33  Spore Crawler, Drone x2  
  94  6:34  Drone x4  
  94  6:35  Drone  
  95  6:40  Overlord, Drone x2  
  95  6:41  Drone  
  95  6:45  Drone x2  
  95  6:46  Drone  
  98  6:48  Drone  
  98  6:50  Drone  
  98  6:52  Drone  
  98  6:53  Drone  
  96  7:00  Drone  
  97  7:01  Drone  
  97  7:02  Drone x2  
  100  7:08  Overlord  
  100  7:10  Zergling x2  
  100  7:14  Baneling x8  
  101  7:17  Zerg Ground Armor Level 2  
  101  7:21  Zerg Melee Weapons Level 2  
  103  7:22  Ravager  
  103  7:23  Ravager  
  103  7:30  Roach x6  
  103  7:32  Overlord  
  103  7:36  Overlord  
  114  7:38  Zergling x8  
  114  7:43  Zergling x8  
  114  7:44  Zergling x2  
  123  7:55  Ravager x2  
  125  8:02  Extractor  
  125  8:04  Infestation Pit, Overlord  
  125  8:05  Zergling x16  
  131  8:07  Hatchery  
  131  8:09  Baneling  
  131  8:10  Baneling x6  
  131  8:11  Zergling x4  
  131  8:20  Zergling x12  
  134  8:27  Zergling x2  
  134  8:28  Zergling x2  
  134  8:33  Drone  
  137  8:42  Overlord  
  137  8:46  Drone x8  
  145  8:50  Overlord x2  
  145  8:57  Hive  
  145  8:58  Overlord  
  145  9:01  Baneling x7  
  145  9:02  Baneling x8  
  145  9:06  Zergling x18  
  150  9:15  Ravager x3  
  150  9:16  Ravager  
  149  9:19  Zergling x12  
  152  9:29  Zergling x2  
  152  9:30  Zergling x4  
  155  9:35  Burrow  
  155  9:36  Drone x10  
  155  9:37  Hatchery  
  155  9:38  Spore Crawler  
  163  9:46  Zergling x8  
  168  10:00  Zergling x10  
  168  10:04  Zergling x4  
  168  10:05  Zergling x20  
  184  10:07  Overlord  
  184  10:08  Baneling x10  
  184  10:11  Baneling x7  
  184  10:15  Overlord  
  184  10:17  Overlord  
  184  10:21  Extractor  
  183  10:33  Viper, Baneling x9  
  183  10:35  Zergling x24  
  196  10:40  Adrenal Glands  
  189  10:47  Extractor  
  184  10:51  Zergling x22  
  192  11:06  Zergling x2  
  192  11:07  Zergling x18  
  198  11:13  Zergling x2  
  199  11:18  Zerg Melee Weapons Level 3  
  199  11:24  Overlord  
  183  11:26  Zergling x20  
  178  11:34  Zergling x8  
  171  11:41  Zergling x8  
  170  11:47  Zergling x22  
  170  11:52  Overseer  
  175  11:58  Hatchery  
  168  12:03  Zergling x20  
  174  12:09  Zergling x4  
  174  12:12  Baneling x11  
  174  12:15  Zergling x16  
  179  12:19  Baneling x14  
  179  12:20  Baneling x7  
  179  12:22  Zergling x10  
  186  12:27  Zergling x10  
  182  12:33  Zergling x6  
  182  12:38  Baneling x4  
  182  12:39  Zergling x6  
  185  12:46  Zergling x2  
  185  12:47  Zergling x4  
  183  12:53  Zergling x22  
  183  12:57  Overseer  
  183  12:58  Pneumatized Carapace, Overseer  
  193  13:01  Zerg Ground Armor Level 3  
  193  13:04  Zergling x10  
  191  13:19  Baneling  
  181  13:20  Baneling x16  
  181  13:22  Zergling x16  
  172  13:28  Zergling x6  
  172  13:33  Zergling x4  
  174  13:41  Zergling x6  
  171  13:44  Ultralisk Cavern  
  171  13:45  Baneling x10  
  159  13:50  Zergling x6  
  159  13:54  Drone x5  
  166  14:05  Hatchery  
  166  14:09  Zergling x12  
  171  14:20  Zergling x2  
  171  14:21  Zergling x22  
  180  14:29  Zergling x8  
  180  14:30  Hatchery  
  167  14:37  Zergling x12  
  151  14:43  Zergling x22  
  142  14:47  Zergling x2  
  142  14:49  Chitinous Plating  
  142  14:51  Ultralisk x2  
  145  14:59  Ultralisk  
  143  15:02  Zergling x8  
  143  15:06  Drone x2  
  143  15:13  Zergling x6  
  125  15:32  Drone x3  
  125  15:33  Drone x5, Spire  
  129  15:47  Zergling x40  
  129  15:49  Baneling x9  
  149  15:50  Overseer x2  
  144  16:08  Ultralisk  
  144  16:09  Zergling x22  
  160  16:15  Anabolic Synthesis  
  158  16:21  Overseer  
  158  16:24  Drone x6  
  148  16:37  Zergling x18  
  156  16:48  Corruptor x5  
  163  16:58  Corruptor x3  
  167  17:08  Zergling x14  
  163  17:18  Zergling x12  
  137  17:33  Zergling x14, Ultralisk  
  134  17:40  Zergling x10  
  122  17:51  Zergling x6, Ultralisk  
  122  17:52  Zergling x4  
  127  18:02  Ultralisk x2  
  127  18:04  Baneling x8  
  139  18:07  Overseer  
  139  18:09  Infestor  
  141  18:13  Infestor  
  143  18:25  Roach x4  
  143  18:26  Roach  
  152  18:36  Zergling x22  
  158  18:42  Zergling x8  
  159  18:50  Ravager x5  
  159  18:54  Zergling x8  
  168  18:59  Baneling x6  
  167  19:05  Baneling x6  
  167  19:13  Zergling x10  
  169  19:21  Zergling x6  
  138  19:31  Zergling x18  
  138  19:35  Zergling x2  
Show
View Real Time Build Order
Export as new Build Order

Bunny Terran 

Build Orders: Reaper Expand 

Get SALT Encoding   

  12  0:01  SCV  
  13  0:13  SCV  
  14  0:17  Supply Depot  
  14  0:25  SCV  
  15  0:39  SCV  
  15  0:41  Barracks  
  16  0:45  Refinery  
  16  0:51  SCV  
  17  1:03  SCV  
  18  1:15  SCV  
  19  1:28  Reaper, Orbital Command  
  20  1:40  Command Center  
  20  1:52  Supply Depot  
  20  1:53  SCV  
  21  2:00  Marine  
  22  2:05  SCV  
  22  2:10  Factory  
  22  2:17  SCV  
  22  2:18  Marine  
  22  2:20  Refinery  
  24  2:29  SCV  
  25  2:41  SCV  
  26  2:54  SCV, Starport  
  26  2:55  Orbital Command, Factory Tech Lab  
  27  3:06  SCV  
  28  3:14  Marine  
  28  3:16  Cyclone  
  28  3:18  SCV  
  28  3:19  Supply Depot  
  33  3:22  SCV  
  32  3:32  Viking, Marine  
  34  3:34  SCV  
  34  3:35  SCV  
  36  3:46  SCV  
  37  3:49  Command Center  
  40  3:57  SCV  
  40  3:58  SCV  
  39  4:09  SCV, Cloaking Field, Banshee  
  43  4:10  SCV  
  43  4:12  Barracks Tech Lab  
  44  4:17  Supply Depot  
  44  4:21  SCV  
  44  4:22  SCV  
  46  4:29  Factory Reactor, Barracks  
  46  4:31  Marine  
  46  4:36  SCV x2  
  49  4:40  Stimpack  
  49  4:48  SCV x2  
  49  4:50  Supply Depot  
  51  4:57  Refinery, Banshee  
  51  4:58  Marine  
  51  4:59  Refinery  
  54  5:00  SCV x2  
  54  5:02  Orbital Command  
  56  5:12  SCV x2  
  58  5:14  Supply Depot  
  58  5:15  Factory Reactor  
  58  5:19  Barracks  
  58  5:21  Engineering Bay x2  
  58  5:24  SCV x2  
  58  5:27  Marine x2  
  62  5:36  SCV x2  
  62  5:37  Supply Depot, Marine  
  65  5:44  Marine  
  65  5:45  Orbital Command, Marine  
  65  5:48  SCV x2  
  69  5:50  Starport Reactor  
  69  5:52  Terran Infantry Weapons Level 1, Terran Infantry Armor Level 1  
  69  5:56  Marine  
  70  6:00  SCV  
  70  6:01  SCV  
  70  6:02  Marine x2  
  70  6:03  Siege Tank  
  77  6:07  Supply Depot  
  77  6:08  Supply Depot  
  77  6:11  SCV  
  78  6:13  SCV x2  
  78  6:16  Marine x3  
  83  6:20  Combat Shield, Marine x2  
  83  6:23  SCV  
  83  6:25  SCV x2  
  88  6:27  Refinery  
  88  6:28  Medivac  
  88  6:29  Medivac  
  92  6:34  Marine  
  92  6:35  Siege Tank  
  92  6:37  SCV x3  
  99  6:41  Marine x4  
  99  6:43  Supply Depot  
  99  6:44  Supply Depot  
  103  6:52  SCV x3, Marine  
  107  6:58  Marine  
  107  6:59  Marine x3  
  107  7:01  Supply Depot  
  111  7:02  Barracks x2  
  111  7:05  Medivac x2  
  111  7:07  Siege Tank  
  118  7:09  Marine  
  118  7:12  SCV x3, Supply Depot  
  122  7:20  Marine  
  122  7:21  Armory, Marine x3  
  126  7:27  SCV, Marine  
  126  7:28  SCV x2  
  130  7:38  Marine  
  130  7:41  Marine x3  
  130  7:42  Siege Tank  
  130  7:43  Missile Turret  
  137  7:45  Medivac x2, Marine  
  137  7:46  Missile Turret  
  137  7:48  SCV x3  
  145  7:55  Barracks Reactor x2  
  145  7:56  Marine  
  143  7:59  Marine  
  143  8:05  Marine x3  
  145  8:07  Supply Depot  
  145  8:10  Command Center  
  147  8:14  Marine  
  147  8:16  SCV  
  147  8:17  SCV  
  149  8:20  Supply Depot  
  149  8:21  Supply Depot  
  149  8:23  Terran Infantry Weapons Level 2  
  149  8:24  SCV, Marauder, Marine x3  
  149  8:25  Siege Tank  
  149  8:26  Terran Infantry Armor Level 2  
  155  8:37  Refinery  
  155  8:38  Sensor Tower  
  155  8:39  Marine x5  
  157  8:42  Marine x3  
  157  8:44  Terran Vehicle Weapons Level 1  
  157  8:46  Marauder  
  159  8:49  Drilling Claws  
  159  8:50  Factory  
  159  8:54  SCV x3  
  162  8:58  Widow Mine  
  164  9:04  Marine  
  164  9:05  Marine x7  
  164  9:07  Marauder  
  173  9:22  Widow Mine, Marine x5  
  173  9:23  Marine  
  181  9:28  Marauder, Marine x2  
  181  9:29  Barracks x2  
  185  9:34  Planetary Fortress  
  185  9:37  Factory Reactor  
  185  9:38  Sensor Tower  
  185  9:40  Medivac  
  185  9:45  Barracks  
  187  9:48  Widow Mine  
  187  9:49  SCV x2  
  187  9:50  SCV, Marauder  
  194  10:01  Marine x6  
  194  10:04  Refinery  
  194  10:05  Refinery  
  200  10:09  Concussive Shells  
  198  10:39  Medivac  
  198  10:40  Terran Infantry Weapons Level 3  
  191  10:45  Starport  
  191  10:46  Fusion Core, Ghost Academy  
  191  10:47  Medivac, Widow Mine x3  
  191  10:48  Marauder, Marine x5  
  191  10:49  Marine x2  
  200  10:50  Barracks Tech Lab x2  
  200  10:51  Barracks Tech Lab  
  198  11:02  Command Center  
  195  11:08  Widow Mine x3  
  195  11:09  Medivac  
  195  11:10  Marine  
  200  11:15  Command Center  
  200  11:19  Command Center  
  200  11:25  Marauder  
  200  11:30  Marine x2  
  191  11:34  Supply Depot, Advanced Ballistics, Starport Reactor  
  191  11:38  Marauder  
  191  11:39  Marauder, Marine  
  180  11:40  Marine  
  180  11:42  Marine  
  180  11:44  Widow Mine  
  180  11:45  Marine  
  180  11:46  Marine x2  
  180  11:47  Marine x2  
  180  11:48  Marine, Widow Mine x2  
  180  11:56  Marine  
  180  11:57  Marine  
  180  11:58  Marine  
  180  11:59  Marine  
  180  12:00  Marauder, Marine  
  186  12:03  Marine  
  186  12:04  Marine  
  186  12:05  Marauder, Marine x2  
  186  12:06  Marine  
  186  12:08  Widow Mine  
  186  12:09  Widow Mine x2  
  186  12:13  Marine  
  186  12:14  Terran Infantry Armor Level 3  
  186  12:15  Marine  
  188  12:16  Marauder  
  188  12:17  Marine  
  188  12:19  Planetary Fortress  
  188  12:21  Marauder  
  193  12:26  Medivac, Marauder  
  193  12:27  Medivac  
  193  12:29  Widow Mine  
  194  12:31  Widow Mine x2  
  194  12:35  Marauder, Marine x3  
  199  12:38  Marine  
  199  12:45  Medivac  
  199  12:48  Marauder  
  199  13:04  Marauder  
  198  13:13  Marauder  
  198  13:19  Personal Cloaking  
  193  13:20  Supply Depot  
  193  13:22  Marine  
  193  13:23  Marine  
  193  13:24  Marine x6  
  193  13:25  Supply Depot  
  193  13:27  Supply Depot, Widow Mine x3  
  179  13:28  Marauder  
  179  13:29  Marauder x2  
  186  13:35  Marauder  
  186  13:40  Marine x2  
  185  13:44  Marine  
  185  13:45  Marine  
  185  13:46  Marine x3  
  182  13:48  Widow Mine  
  182  13:49  Widow Mine x2  
  182  13:50  Marauder x2  
  182  13:54  Command Center  
  192  13:57  Supply Depot  
  190  14:08  Supply Depot  
  190  14:28  Widow Mine x2  
  190  14:29  Marine, Liberator x2  
  190  14:30  Marauder  
  196  14:33  Marauder, Widow Mine  
  196  14:34  Marine x3  
  196  14:35  Marauder x2, Marine x4, Liberator x2  
  180  14:42  Orbital Command  
  160  14:47  Marine  
  160  14:49  Widow Mine x2  
  160  14:51  Marine x2  
  160  14:52  Marine x2  
  134  14:55  Widow Mine  
  134  14:57  Marine x4  
  134  15:04  Marine  
  134  15:05  Marine  
  131  15:08  Planetary Fortress, Marine  
  131  15:09  Marine  
  131  15:11  Widow Mine x2  
  131  15:12  Medivac  
  138  15:16  Widow Mine  
  140  15:22  Marine x3  
  134  15:30  Marauder  
  134  15:32  SCV x3, Widow Mine x2  
  134  15:33  SCV  
  138  15:38  Widow Mine  
  140  15:44  SCV x3  
  140  15:45  SCV  
  140  15:47  SCV  
  145  15:53  Widow Mine  
  145  15:56  Marauder x3  
  153  15:58  Marine x5  
  158  16:15  Marine  
  158  16:17  Widow Mine x3  
  163  16:19  Marauder x3, Marine x3  
  159  16:38  Widow Mine, Liberator x4  
  159  16:39  Widow Mine x2  
  177  16:47  Marauder x3  
  177  16:49  Marine x2  
  177  16:53  Supply Depot  
  179  17:02  Marine x2  
  177  17:09  Widow Mine x3  
  177  17:14  Marauder  
  170  17:19  Marauder x3  
  170  17:20  Liberator  
  172  17:22  Marine  
  172  17:23  Marine x3  
  146  17:30  Widow Mine  
  146  17:31  Widow Mine x2  
  146  17:35  Marine  
  136  17:39  Marine  
  136  17:40  Marine x3  
  136  17:41  Marine x3  
  123  17:52  Widow Mine  
  123  17:54  Marauder  
  123  17:57  Widow Mine  
  123  17:58  Marauder x2, Widow Mine, Marine x4  
  136  17:59  Marine  
  140  18:09  SCV  
  141  18:13  Widow Mine  
  141  18:14  SCV x2  
  141  18:15  SCV, Marauder  
  141  18:16  Marauder, Marine x4  
  154  18:22  Marauder  
  154  18:23  Widow Mine  
  156  18:32  Orbital Command  
  156  18:33  Marine  
  156  18:34  Marine x4  
  159  18:45  Marauder x3  
  165  18:51  Marine  
  165  18:52  Marine  
  165  18:56  Liberator  
  164  19:06  Liberator  
  164  19:07  Liberator x2  
  173  19:11  Marauder  
  173  19:12  Marine  
  176  19:19  Marine x3  
  176  19:20  Marine  
  176  19:21  Marine  
  180  19:25  Widow Mine  
  180  19:26  Widow Mine x2  
  180  19:28  Marine  
  180  19:29  Marine  
  149  19:32  Marine  
Tags
 
Add a new tag
Caveats
  • Supply blocks, unpowered buildings, or Contaminate may cause inaccurate times.
  • Supply counts are checked every 10 seconds.